 Dungeon Crawl Stone Soup version 0.21.1-1-g345015f (webtiles) character file.

2542 Mesmaeker13 the Magician (level 9, -11/70 HPs)
             Began as a Gnoll Skald on July 24, 2018.
             Mangled by Alter's ghost (13 damage)
             ... on level 8 of the Dungeon.
             The game lasted 00:12:13 (8831 turns).

Mesmaeker13 the Magician (Gnoll Skald)              Turns: 8831, Time: 00:12:13

Health: -11/70     AC: 11    Str: 16    XL:     9   Next: 55%
Magic:  19/19      EV: 13    Int: 15    God:
Gold:   337        SH:  0    Dex: 16    Spells: 18/21 levels left

rFire    . . .     SeeInvis .   G - +2 mace (crush)
rCold    . . .     Gourm    .   (no shield)
rNeg     . . .     Faith    .   e - +0 scale mail
rPois    +         Spirit   .   A - +2 hat
rElec    .         Reflect  .   (no cloak)
rCorr    .         Harm     .   l - +0 pair of gloves
MR       .....                  h - +0 pair of boots
Stlth    +.........             (no amulet)
HPRegen  0.21/turn              B - +2 ring of slaying
MPRegen  0.16/turn              C - ring of poison resistance

@: no status effects
A: distributed training, fangs 1, strong nose
a: no special abilities


You were on level 8 of the Dungeon.
You were not hungry.

You visited 2 branches of the dungeon, and saw 9 of its levels.

You collected 337 gold pieces.

Inventory:

Hand Weapons
 G - a +2 mace of crushing (weapon)
Missiles
 a - a throwing net
 b - 2 tomahawks
 r - 4 javelins of returning (quivered)
Armour
 e - a +0 scale mail (worn)
 h - a +0 pair of boots (worn)
 l - a +0 pair of gloves (worn)
 A - a +2 hat (worn)
 E - a +0 shield
Jewellery
 p - an uncursed ring of fire
 B - a +2 ring of slaying (left hand)
 C - a ring of poison resistance (right hand)
Wands
 s - a wand of iceblast (7)
 F - a wand of paralysis (5)
 I - a wand of acid (3)
 K - a wand of flame (31)
Scrolls
 f - 4 scrolls of enchant weapon
 g - 3 scrolls of immolation
 i - 3 scrolls of fog
 m - a scroll of fear {unknown}
 o - 5 scrolls of remove curse
 w - a scroll of amnesia {unknown}
 H - 2 scrolls of teleportation
 J - a scroll of summoning {unknown}
Potions
 k - a potion of brilliance
 n - a potion of ambrosia {unknown}
 q - 4 potions of lignification {unknown}
 t - 3 potions of magic {unknown}
 v - a potion of heal wounds {unknown}
 x - 4 potions of curing {unknown}
 z - 2 potions of resistance {unknown}
 D - a potion of flight {unknown}
Books
 c - a book of Battle

   Spells                             Type                      Level
   a - Infusion                       Charms                       1
   b - Shroud of Golubria             Charms/Translocation         2
   c - Song of Slaying                Charms                       2
   d - Spectral Weapon                Hexes/Charms                 3
   e - Regeneration                   Charms/Necromancy            3
 j - a book of Cantrips

   Spells                             Type                      Level
   a - Confusing Touch                Hexes                        1
   b - Animate Skeleton               Necromancy                   1
   c - Summon Small Mammal            Summoning                    1
   d - Apportation                    Translocation                1
 u - a book of Callings

   Spells                             Type                      Level
   a - Summon Small Mammal            Summoning                    1
   b - Call Imp                       Summoning                    2
   c - Call Canine Familiar           Summoning                    3
   d - Summon Guardian Golem          Hexes/Summoning              3
   e - Summon Lightning Spire         Summoning/Air                4
   f - Summon Ice Beast               Ice/Summoning                4
 y - a book of Necromancy

   Spells                             Type                      Level
   a - Pain                           Necromancy                   1
   b - Animate Skeleton               Necromancy                   1
   c - Vampiric Draining              Necromancy                   3
   d - Regeneration                   Charms/Necromancy            3
   e - Animate Dead                   Necromancy                   4
   f - Borgnjor's Vile Clutch         Necromancy/Earth             5
Comestibles
 d - 14 rations
 L - 8 chunks of flesh


   Skills:
 + Level 6.3 Fighting
 + Level 4.2 Short Blades
 + Level 4.2 Long Blades
 + Level 6.3 Axes
 + Level 4.2 Maces & Flails
 + Level 4.2 Polearms
 + Level 4.2 Staves
 + Level 4.2 Slings
 + Level 4.2 Bows
 + Level 4.2 Crossbows
 + Level 4.2 Throwing
 + Level 5.0 Armour
 + Level 6.3 Dodging
 + Level 4.2 Stealth
 + Level 4.2 Shields
 + Level 4.2 Unarmed Combat
 + Level 6.6 Spellcasting
 + Level 3.5 Conjurations
 + Level 3.5 Hexes
 + Level 6.5 Charms
 + Level 3.5 Summonings
 + Level 3.5 Necromancy
 + Level 3.5 Translocations
 + Level 3.5 Transmutations
 + Level 3.5 Fire Magic
 + Level 3.5 Ice Magic
 + Level 3.5 Air Magic
 + Level 3.5 Earth Magic
 + Level 3.5 Poison Magic
 + Level 4.7 Invocations
 + Level 4.2 Evocations


You had 18 spell levels left.
You knew the following spells:

 Your Spells              Type           Power        Failure   Level  Hunger
a - Infusion              Chrm           ###.         3%          1    None
b - Song of Slaying       Chrm           ###.....     4%          2    None


Dungeon Overview and Level Annotations

Branches:
Dungeon (8/15)             Temple (1/1) D:7
   Lair: D:8-11

Altars:
Ashenzari
Cheibriados
Dithmenos
Elyvilon
Fedhas
Gozag
Hepliaklqana
Kikubaaqudgha
Makhleb
Qazlal
Ru
Sif Muna
Trog
Uskayaw
Vehumet
Wu Jian
Xom
Yredelemnul
Zin
The Shining One

Shops:
D:4 :

Annotations:
D:5 2 transporters
D:8 Alter's ghost, novice DDFi


Innate Abilities, Weirdness & Mutations

Your experience applies equally to all skills.
You have very sharp teeth.
Your uncanny sense of smell can sniff out nearby items.


Message History

Alter's ghost is almost destroyed.
Alter's ghost hits you but does no damage.
Your scale mail prevents you from hitting Alter's ghost.
You punch Alter's ghost, but do no damage.
Alter's ghost is almost destroyed.
Alter's ghost hits you!
* * * LOW HITPOINT WARNING * * *
You completely miss Alter's ghost.
Alter's ghost is almost destroyed.
Alter's ghost hits you!
* * * LOW HITPOINT WARNING * * *
x2 Alter's ghost hits you but does no damage.
You hit Alter's ghost but do no damage. Your bite misses Alter's ghost.
Alter's ghost is almost destroyed.
Alter's ghost hits you!
* * * LOW HITPOINT WARNING * * *
x2 You hit Alter's ghost but do no damage.
Alter's ghost is almost destroyed.
Alter's ghost hits you!
You die...

#.......##########.........
#######..............#.#..#
########.....###..... ...
##...#....##### #..### #>.
##......#### #####..###. $.
#.......# #.......... ##
#.......# #..........
#.......######...[......
##........@W5....)......
#....)..######...)......
#.......# #..........
#.......# #...........
##.....## #...........
##...## .......?.... #####
./#.......... ∆
.#############


You could see Alter's ghost and a shadow imp.

Vanquished Creatures
  2 hippogriffs (D:7)
  2 orc warriors
  A phantom (D:4)
  An ice beast (D:5)
  2 centaurs
  4 ogres
  A crocodile (D:7)
  A big kobold (D:7)
  A gnoll sergeant (D:6)
  2 bullfrogs
  A scorpion (D:8)
  2 vampire bats (D:3)
  A howler monkey (D:7)
  3 crimson imps
  2 jellies
  A hound (D:5)
  2 centaur skeletons (D:4)
  A bullfrog skeleton (D:6)
  2 orc priests
  2 iguanas
  4 orc wizards
  3 worker ants
  8 gnolls (D:6)
  4 adders
  2 shadow imps
  An ooze (D:2)
  5 worms
  3 dart slugs
  2 leopard geckos
  26 orcs
  2 bats
  2 bat skeletons (D:3)
  4 bat zombies (D:3)
  7 giant cockroaches
  3 goblins (D:1)
  8 hobgoblins
  4 jackals (D:6)
  12 kobolds
  3 quokkas
  2 ball pythons
  5 frilled lizards
  9 rats
153 creatures vanquished.

Notes
Turn   | Place    | Note
-------+----------+-------------------------------------------
     0 | D:1      | Mesmaeker13 the Gnoll Skald began the quest for the Orb.
     0 | D:1      | Reached XP level 1. HP: 20/20 MP: 6/6
   361 | D:1      | Reached XP level 2. HP: 26/26 MP: 7/7
  1075 | D:2      | Reached XP level 3. HP: 27/31 MP: 9/9
  1080 | D:2      | Reached skill level 5 in Spellcasting
  1225 | D:2      | Reached skill level 1 in Invocations
  1380 | D:2      | Reached skill level 1 in Short Blades
  1380 | D:2      | Reached skill level 1 in Long Blades
  1380 | D:2      | Reached skill level 1 in Maces & Flails
  1380 | D:2      | Reached skill level 1 in Polearms
  1380 | D:2      | Reached skill level 1 in Staves
  1380 | D:2      | Reached skill level 1 in Slings
  1380 | D:2      | Reached skill level 1 in Bows
  1380 | D:2      | Reached skill level 1 in Crossbows
  1380 | D:2      | Reached skill level 1 in Throwing
  1380 | D:2      | Reached skill level 1 in Stealth
  1380 | D:2      | Reached skill level 1 in Shields
  1380 | D:2      | Reached skill level 1 in Unarmed Combat
  1380 | D:2      | Reached skill level 1 in Evocations
  1627 | D:2      | Reached XP level 4. HP: 32/38 MP: 11/11
  2228 | D:3      | Found a shadowy altar of Dithmenos.
  2479 | D:3      | Learned a level 2 spell: Song of Slaying
  2531 | D:3      | Reached skill level 1 in Conjurations
  2531 | D:3      | Reached skill level 1 in Hexes
  2531 | D:3      | Reached skill level 1 in Summonings
  2531 | D:3      | Reached skill level 1 in Necromancy
  2531 | D:3      | Reached skill level 1 in Translocations
  2531 | D:3      | Reached skill level 1 in Transmutations
  2531 | D:3      | Reached skill level 1 in Fire Magic
  2531 | D:3      | Reached skill level 1 in Ice Magic
  2531 | D:3      | Reached skill level 1 in Air Magic
  2531 | D:3      | Reached skill level 1 in Earth Magic
  2531 | D:3      | Reached skill level 1 in Poison Magic
  2553 | D:3      | Found an ancient bone altar of Kikubaaqudgha.
  2560 | D:3      | Reached XP level 5. HP: 43/43 MP: 12/12
  3011 | D:4      | Reached XP level 6. HP: 50/50 MP: 13/13
  3116 | D:4      | Found a sacrificial altar of Ru.
  3208 | D:4      | Found a bloodstained altar of Trog.
  3560 | D:4      | Reached skill level 5 in Fighting
  3560 | D:4      | Reached skill level 5 in Axes
  3560 | D:4      | Reached skill level 5 in Dodging
  3675 | D:4      | Noticed a phantom
  3808 | D:4      | Killed a phantom
  3808 | D:4      | Reached XP level 7. HP: 23/56 MP: 15/15
  4087 | D:4      | Found Vaatsoer's Book Boutique.
  4285 | D:5      | Entered Level 5 of the Dungeon
  4397 | D:5      | Found a radiant altar of Vehumet.
  4709 | D:5      | Found a shadowy altar of Dithmenos.
  4711 | D:5      | Noticed a yak
  4713 | D:5      | Found a transporter.
  4828 | D:5      | Found a shattered altar of Ashenzari.
  4855 | D:5      | Found a transporter.
  4938 | D:5      | Found a blossoming altar of Fedhas.
  5074 | D:5      | Found a snail-covered altar of Cheibriados.
  5206 | D:6      | Reached XP level 8. HP: 30/63 MP: 16/16
  6094 | D:6      | Found a shattered altar of Ashenzari.
  6850 | D:7      | Found a staircase to the Ecumenical Temple.
  6873 | Temple   | Entered the Ecumenical Temple
  7492 | D:7      | Found a white marble altar of Elyvilon.
  7571 | D:7      | Noticed a hippogriff
  7579 | D:7      | Killed a hippogriff
  7579 | D:7      | Reached XP level 9. HP: 69/69 MP: 18/18
  8014 | D:7      | Found a glowing golden altar of the Shining One.
  8177 | D:7      | Found a basalt altar of Yredelemnul.
  8179 | D:7      | Noticed a profane servitor
  8448 | D:7      | Noticed an angel
  8512 | D:8      | Noticed Alter's ghost (novice DDFi)
  8684 | D:8      | Reached skill level 5 in Armour
  8830 | D:8      | HP: 2/70 [Alter's ghost (2)]
  8831 | D:8      | Mangled by Alter's ghost

Skill      XL: |  1  2  3  4  5  6  7  8  9 |
---------------+----------------------------+-----
Spellcasting   | 5 6 |  6.6
Invocations    | 1 2 3 4 |  4.7
Short Blades   | 1 2 3 4 |  4.2
Long Blades    | 1 2 3 4 |  4.2
Maces & Flails | 1 2 3 4 |  4.2
Polearms       | 1 2 3 4 |  4.2
Staves         | 1 2 3 4 |  4.2
Slings         | 1 2 3 4 |  4.2
Bows           | 1 2 3 4 |  4.2
Crossbows      | 1 2 3 4 |  4.2
Throwing       | 1 2 3 4 |  4.2
Stealth        | 1 2 3 4 |  4.2
Shields        | 1 2 3 4 |  4.2
Unarmed Combat | 1 2 3 4 |  4.2
Evocations     | 1 2 3 4 |  4.2
Conjurations   | 1 2 3 |  3.5
Hexes          | 1 2 3 |  3.5
Summonings     | 1 2 3 |  3.5
Necromancy     | 1 2 3 |  3.5
Translocations | 1 2 3 |  3.5
Transmutations | 1 2 3 |  3.5
Fire Magic     | 1 2 3 |  3.5
Ice Magic      | 1 2 3 |  3.5
Air Magic      | 1 2 3 |  3.5
Earth Magic    | 1 2 3 |  3.5
Poison Magic   | 1 2 3 |  3.5
Armour         | 3 4 5 |  5.0
Fighting       | 5 6 |  6.3
Axes           | 5 6 |  6.3
Dodging        | 5 6 |  6.3
Charms         | 6 |  6.5

Action                   |  1- 3 |  4- 6 |  7- 9 || total
-------------------------+-------+-------+-------++-------
Melee: Hand axe          |   102 |   316 |    57 ||   475
       Bite              |     9 |    42 |    38 ||    89
       Mace              |       |       |   225 ||   225
       Punch             |       |       |     7 ||     7
Throw: Javelin           |       |     1 |       ||     1
Evoke: Wand              |       |       |    16 ||    16
  Use: Scroll            |     2 |     2 |     3 ||     7
 Stab: Paralysed         |       |       |    24 ||    24
       Sleeping          |       |       |     1 ||     1
  Eat: Chunk             |     2 |     6 |    11 ||    19
       Ration            |       |     1 |     1 ||     2
Armor: Scale mail        |    35 |   177 |   117 ||   329
Dodge: Dodged            |    54 |   171 |   209 ||   434
